[Event "Team 45 45 League T40"]
[Site "Internet Chess Club"]
[Date "2009.02.10"]
[Round "2"]
[White "MiroslavR"]
[Black "alastorx"]
[Result "1-0"]
[WhiteElo "1865"]
[BlackElo "1822"]
[Opening "QGD: Tarrasch, Prague variation, 9.Bg5"]
[ECO "D34"]
[Time "16:00:56"]
[TimeControl "2700+45"]

1. d4 d5 2. c4 e6 3. Nc3 c5 4. cxd5 exd5 5. Nf3 Nc6 6. g3 Nf6 7. Bg2 Be7 8. O-O
O-O 9. Bg5 c4 10. Ne5 Be6 11. Nxc6 bxc6 12. b3 cxb3 13. axb3 h6 14. Bxf6 Bxf6
15. Na4 Rb8 16. e3 Qa5 17. Nc5 Qb6 18. Ra6 Qc7 19. Qa1 Ra8 20. Qa4 Rfb8 21. Rxc6
Qe7 22. Ra6 Bc8 23. Ra5 Rb6 24. Ra1 a6 25. Bxd5 Rab8 26. Nxa6 Bxa6 27. Rxa6 Rb4
28. Qc6 {Black resigns} 1-0

[Event "Team 45 45 League T40"]
[Site "Internet Chess Club"]
[Date "2009.02.09"]
[Round "2"]
[White "MRX"]
[Black "qs16"]
[Result "1-0"]
[WhiteElo "1724"]
[BlackElo "1788"]
[Opening "Sicilian: Najdorf, 7...Be7 main line"]
[ECO "B99"]
[Time "13:00:35"]
[TimeControl "2700+45"]

1. e4 c5 2. Nf3 d6 3. d4 cxd4 4. Nxd4 Nf6 5. Nc3 a6 6. Bg5 e6 7. f4 Be7 8. Qf3
Qc7 9. O-O-O Nbd7 10. Bd3 b5 11. Rhe1 Bb7 12. Nd5 Nxd5 13. exd5 Bxg5 14. Rxe6+
fxe6 15. Qh5+ g6 16. Bxg6+ Ke7 17. Qxg5+ Nf6 18. Nf5+ Kd7 19. dxe6+ Kxe6 20.
Rxd6+ Qxd6 21. Nxd6 hxg6 22. Nxb7 Rxh2 23. Qe5+ Kf7 24. Nd6+ Kg7 25. Qe7+ Kh6
26. Qxf6 Rxg2 27. Nf5+ {Black resigns} 1-0

[Event "Team 45 45 League T40"]
[Site "Internet Chess Club"]
[Date "2009.02.09"]
[Round "2"]
[White "upsan"]
[Black "NFK"]
[Result "1-0"]
[WhiteElo "1847"]
[BlackElo "1696"]
[Opening "Sicilian: Hungarian variation"]
[ECO "B27"]
[Time "15:00:31"]
[TimeControl "2700+45"]

1. e4 c5 2. Nf3 g6 3. c4 Nc6 4. Nc3 Bg7 5. d3 d6 6. Be3 Nf6 7. h3 e5 8. Qd2 Bd7
9. Be2 a6 10. O-O Qe7 11. Bg5 O-O-O 12. Nd5 Qe6 13. b4 h6 14. Bxf6 Bxf6 15. b5
axb5 16. cxb5 Nd4 17. Nxd4 exd4 18. Qa5 Kb8 19. b6 Bc6 20. Bg4 {Black resigns}
1-0

[Event "Team 45 45 League T40"]
[Site "Internet Chess Club"]
[Date "2009.02.08"]
[Round "2"]
[White "BrerRabbit"]
[Black "rom1"]
[Result "0-1"]
[WhiteElo "1586"]
[BlackElo "1569"]
[Opening "English: Caro-Kann defensive system"]
[ECO "A11"]
[Time "16:00:22"]
[TimeControl "2700+45"]

1. c4 c6 2. g3 d5 3. Bg2 Bf5 4. cxd5 cxd5 5. Qb3 e6 6. Qxb7 Nd7 7. Nf3 Bc5 8.
Qb3 Ngf6 9. O-O O-O 10. d4 Rb8 11. Qd1 Bd6 12. Bf4 Bxf4 13. gxf4 Rxb2 14. Nbd2
Ne4 15. Nb3 Nc3 16. Qe1 Nxe2+ 17. Kh1 Nxf4 18. Nc5 Rc2 19. Rc1 Rxc5 20. Rxc5
Nxc5 21. dxc5 Qc7 22. Qb4 Nd3 23. Qa3 Qxc5 24. Qxc5 Nxc5 25. Rc1 Nd3 26. Rc7 Rb8
27. Bf1 Nxf2+ 28. Kg2 Ng4 29. Kg3 h6 30. Nd4 Ne3 31. Ba6 Rb2 32. a3 Rg2+ 33. Kf4
Nf1 34. Nxf5 Rf2+ 35. Ke5 Rxf5+ 36. Kd4 Nxh2 37. Rxa7 Rf4+ 38. Kc3 Nf3 39. Bd3
g6 40. Ra8+ Kg7 41. a4 Ne5 42. Bb5 Nc4 43. Bxc4 Rxc4+ 44. Kb3 h5 45. a5 h4 46.
a6 Rc6 47. a7 Ra6 48. Kb4 h3 49. Kb5 Ra1 50. Kb6 h2 51. Kb7 h1=Q 52. Rc8 d4+ 53.
Kb8 Rb1+ {White resigns} 0-1

[Event "Team 45 45 League T40"]
[Site "Internet Chess Club"]
[Date "2009.02.08"]
[Round "2"]
[White "Zebbile"]
[Black "chess92192"]
[Result "1/2-1/2"]
[WhiteElo "1944"]
[BlackElo "1886"]
[Opening "Réti opening"]
[ECO "A05"]
[Time "17:00:15"]
[TimeControl "2700+45"]

1. Nf3 Nf6 2. b3 g6 3. Bb2 Bg7 4. g3 c5 5. Bg2 Nc6 6. c4 O-O 7. O-O b6 8. d4
cxd4 9. Nxd4 Bb7 10. e3 Rc8 11. Nc3 d6 12. Re1 Qd7 13. Nxc6 Bxc6 14. e4 Ne8 15.
Qd2 Nc7 16. Nd5 Bxb2 17. Qxb2 Bxd5 18. exd5 b5 19. cxb5 Nxb5 20. Re3 e5 21. dxe6
fxe6 22. Rd1 Qc7 23. Rxe6 Qc2 24. Rd2 Qxb2 25. Rxb2 Rc1+ 26. Bf1 d5 27. Kg2 Nc3
28. Rd6 Rf7 29. a4 Rb7 30. a5 Kf7 31. Rc6 Ke7 32. a6 Rd7 33. Be2 Rd6 34. Rc7+
Rd7 35. Rb7 Kd6 36. Rb8 Nxe2 37. Rxe2 Rc6 38. Ra2 d4 39. b4 d3 40. Rd2 Ke5 41.
b5 Rf6 42. Re8+ Kd4 43. Rc8 Rb6 44. Rb2 Rd5 45. Rb4+ Ke5 46. f4+ Kd6 47. Rd8+
Kc5 48. Rxd5+ Kxd5 49. Kf2 Kc5 50. Rb1 Kd4 51. Ke1 Kc3 52. Rc1+ Kd4 53. Rb1 Kc3
54. Kd1 d2 55. Ra1 Rxb5 56. Ra3+ Kd4 57. Ra2 Rb1+ 58. Kxd2 Rh1 59. Ra4+ Kc5 60.
h4 Rg1 61. Ra3 Kd4 62. Rd3+ Kc5 63. Rd7 Kb6 64. Rd6+ Kc7 65. Rf6 Rxg3 66. Rf7+
Kb6 67. Rxh7 Kxa6 68. Rg7 Rg4 69. Ke3 Rxh4 70. Rxg6+ Kb5 71. Rg5+ Kc6 72. Ra5
Kb6 73. Ra1 Rh7 74. Ke4 Kc6 75. Ke5 Kb5 76. f5 a5 77. f6 a4 78. Rg1 a3 79. Kf5
Kb4 80. Kg6 Ra7 81. Rf1 a2 82. f7 Rxf7 83. Kxf7 {Game drawn by mutual agreement}
1/2-1/2

[Event "Team 45 45 League T40"]
[Site "Internet Chess Club"]
[Date "2009.02.05"]
[Round "2"]
[White "Boro"]
[Black "pishd"]
[Result "1-0"]
[WhiteElo "1914"]
[BlackElo "1854"]
[Opening "Caro-Kann defense"]
[ECO "B10"]
[Time "08:32:40"]
[TimeControl "2700+45"]

1. e4 c6 2. Nf3 d5 3. exd5 cxd5 4. d4 Nc6 5. Bd3 Bg4 6. Bf4 e6 7. c3 Bd6 8. Bg3
Bxg3 9. hxg3 Nf6 10. Nbd2 Qd6 11. Qb3 O-O 12. O-O Na5 13. Qc2 Rac8 14. Ne5 Nc6
15. Nxg4 Nxg4 16. Bxh7+ Kh8 17. Qd1 Kxh7 18. Qxg4 Rh8 19. f4 Ne7 20. Kf2 g6 21.
Rh1+ Kg7 22. Qe2 Rxh1 23. Rxh1 b5 24. Qe5+ Qxe5 25. dxe5 b4 26. Rc1 f6 27. Nf3
Rc4 28. Nd2 Rc5 29. Nb3 Rc8 30. exf6+ Kxf6 31. cxb4 Rxc1 32. Nxc1 Kf5 33. Kf3
Nc6 34. g4+ Kf6 35. Nd3 Nd4+ 36. Kf2 Nc6 37. b5 Nd4 38. a4 Nb3 39. g3 Na5 40. b4
Nc4 41. a5 Nd6 42. b6 axb6 43. a6 {Black resigns} 1-0

[Event "Team 45 45 League T40"]
[Site "Internet Chess Club"]
[Date "2009.02.07"]
[Round "2"]
[White "Bill-W"]
[Black "superplayer"]
[Result "1/2-1/2"]
[WhiteElo "1713"]
[BlackElo "1845"]
[Opening "Scotch gambit"]
[ECO "C44"]
[Time "06:00:45"]
[TimeControl "2700+45"]

1. e4 e5 2. Nf3 Nc6 3. d4 exd4 4. Bc4 d6 5. Nxd4 Nf6 6. O-O Be7 7. Re1 O-O 8.
Nc3 Re8 9. Nxc6 bxc6 10. e5 dxe5 11. Rxe5 Qxd1+ 12. Nxd1 Bb7 13. Nc3 Bd6 14.
Rxe8+ Rxe8 15. Be3 Ng4 16. Bxa7 Bxh2+ 17. Kf1 Bd6 18. Re1 Rxe1+ 19. Kxe1 {Game
drawn by mutual agreement} 1/2-1/2

[Event "Team 45 45 League T40"]
[Site "Internet Chess Club"]
[Date "2009.02.06"]
[Round "2"]
[White "John3v16"]
[Black "jacknor"]
[Result "1-0"]
[WhiteElo "1719"]
[BlackElo "1661"]
[Opening "Sicilian: Hungarian variation"]
[ECO "B34"]
[Time "19:03:01"]
[TimeControl "2700+45"]

1. e4 c5 2. Nf3 g6 3. d4 cxd4 4. Nxd4 Bg7 5. Nc3 Nc6 6. Be3 Nf6 7. Nxc6 bxc6 8.
e5 Ng8 9. f4 Nh6 10. Bc5 O-O 11. Bc4 Kh8 12. Ne4 a5 13. h3 Ba6 14. Bxa6 Rxa6 15.
Qd3 Ra8 16. g4 Re8 17. O-O-O f5 18. exf6 exf6 19. Nd6 Re6 20. Nb7 Qc7 21. Qxd7
Qxf4+ 22. Kb1 Qe4 23. Nd8 Re8 24. Nb7 Qe6 25. Qxe6 Rxe6 26. Rhe1 Re5 27. Bd4 Rd5
28. c4 Rd7 29. Nc5 Rdd8 30. Re7 Ng8 31. Rc7 Rac8 32. Rxc8 Rxc8 33. Bc3 Bf8 34.
Ne4 Bg7 35. Bxa5 Re8 36. Nd6 Re7 37. Bb4 Rd7 38. c5 h5 39. gxh5 gxh5 40. Rg1 Bh6
41. Re1 Kh7 42. Re8 Ne7 43. Ne4 Nd5 44. Ba5 Kg7 45. Nc3 Bd2 46. Nxd5 Bxa5 47.
Re7+ Rxe7 48. Nxe7 Bb4 49. a4 Bxc5 50. Nxc6 f5 51. Kc2 f4 52. Ne5 Kh6 53. Nf3
Kg6 54. a5 Kf6 55. Kd3 Be3 56. Ke4 Ke6 57. b4 Kd6 58. Nd4 Bxd4 59. Kxd4 Kc6 60.
Ke4 {Black resigns} 1-0

[Event "Team 45 45 League T40"]
[Site "Internet Chess Club"]
[Date "2009.02.08"]
[Round "2"]
[White "cityprosecutor"]
[Black "johnnyperez"]
[Result "1-0"]
[WhiteElo "1806"]
[BlackElo "1556"]
[Opening "Four knights: Belgrade gambit"]
[ECO "C47"]
[Time "18:08:36"]
[TimeControl "2700+45"]

1. e4 e5 2. Nf3 Nf6 3. Nc3 Nc6 4. d4 exd4 5. Nd5 Bb4+ 6. Nxb4 Nxb4 7. e5 Qe7 8.
Be2 Ne4 9. O-O d5 10. exd6 Qxd6 11. Nxd4 O-O 12. Bf3 f5 13. c3 c5 14. Qb3+ Kh8
15. Rd1 cxd4 16. Rxd4 Qe5 17. Qxb4 a5 18. Qxf8# {Black checkmated} 1-0

[Event "Team 45 45 League T40"]
[Site "Internet Chess Club"]
[Date "2009.02.07"]
[Round "2"]
[White "Ehab"]
[Black "arrabi"]
[Result "1-0"]
[WhiteElo "1841"]
[BlackElo "1684"]
[Opening "Sicilian: classical"]
[ECO "B58"]
[Time "15:00:07"]
[TimeControl "2700+45"]

1. e4 c5 2. Nf3 Nc6 3. d4 cxd4 4. Nxd4 d6 5. Be2 Nf6 6. Nc3 a6 7. O-O g6 8. Kh1
Bg7 9. Bg5 O-O 10. f3 Nxe4 11. Nxc6 Nxc3 12. Nxe7+ Qxe7 13. Bxe7 Nxd1 14. Bxf8
Ne3 15. Bxg7 Nxf1 16. Bh6 Nxh2 17. Kxh2 Bf5 18. Bd3 Be6 19. g4 f5 20. gxf5 gxf5
21. Rg1+ Kf7 22. Rg7+ Kf6 23. Rxb7 Kg6 24. Bd2 Bd5 25. Rd7 Bxf3 26. Rxd6+ Kh5
27. Bxf5 Kh4 28. Rd4+ Kh5 29. Kh3 Bg2+ 30. Kxg2 {Black resigns} 1-0

[Event "Team 45 45 League T40"]
[Site "Internet Chess Club"]
[Date "2009.02.07"]
[Round "2"]
[White "byebyebadman"]
[Black "Warpdrive"]
[Result "1-0"]
[WhiteElo "1778"]
[BlackElo "1732"]
[Opening "Caro-Kann: exchange, Rubinstein variation"]
[ECO "B13"]
[Time "16:01:02"]
[TimeControl "2700+45"]

1. e4 c6 2. d4 d5 3. exd5 cxd5 4. Bd3 Nc6 5. c3 Nf6 6. Bf4 Bg4 7. Qb3 Qd7 8. Nd2
e6 9. Ngf3 Bxf3 10. Nxf3 Be7 11. Ne5 Nxe5 12. dxe5 a6 13. exf6 Bxf6 14. O-O
{Black resigns} 1-0

[Event "Team 45 45 League T40"]
[Site "Internet Chess Club"]
[Date "2009.02.07"]
[Round "2"]
[White "snottgoblin"]
[Black "Solfege"]
[Result "0-1"]
[WhiteElo "1997"]
[BlackElo "2043"]
[Opening "English opening"]
[ECO "A10"]
[Time "16:00:25"]
[TimeControl "2700+45"]

1. c4 d6 2. g3 e5 3. Bg2 Nc6 4. Nc3 g6 5. Nf3 Nf6 6. O-O Bg7 7. e3 Bg4 8. Qb3
Rb8 9. h3 Bf5 10. d4 O-O 11. Rd1 Qc8 12. Kh2 Re8 13. c5 dxc5 14. d5 Nb4 15. g4
Bc2 16. Qc4 Bxd1 17. Nxd1 Nbxd5 18. g5 Nb6 19. Qxc5 Ne4 20. Qc2 Qd8 21. h4 Qd7
22. Ne1 Rbd8 23. Qxe4 Qxd1 24. Nf3 Nd5 25. Rb1 Qe2 26. Kg3 Nf4 27. Bh1 Nh5+ 28.
Kg2 Rd1 29. Ng1 Nf4+ {White resigns} 0-1

[Event "Team 45 45 League T40"]
[Site "Internet Chess Club"]
[Date "2009.02.07"]
[Round "2"]
[White "simon2007"]
[Black "TerryMalloy"]
[Result "1/2-1/2"]
[WhiteElo "1914"]
[BlackElo "1965"]
[Opening "KGA: Fischer defense"]
[ECO "C34"]
[Time "17:01:25"]
[TimeControl "2700+45"]

1. e4 e5 2. f4 exf4 3. Nf3 d6 4. d4 g5 5. h4 g4 6. Ng1 f3 7. gxf3 Be7 8. Be3
Bxh4+ 9. Kd2 h5 10. Kc1 Nc6 11. Nc3 a6 12. fxg4 Bxg4 13. Qd2 Be7 14. Bg2 Qd7 15.
a3 O-O-O 16. b4 f5 17. Kb2 fxe4 18. Bxe4 Nf6 19. Bg2 d5 20. Nge2 Bxe2 21. Qxe2
Rhe8 22. Qd3 Kb8 23. Raf1 Ng4 24. Bf4 Bf6 25. Nxd5 Bxd4+ 26. c3 Nf2 27. Rxf2
Bxf2 28. Bxc7+ Qxc7 29. Nxc7 Rxd3 30. Nxe8 h4 31. Nf6 Bg3 32. Kc2 Rd6 33. Ne4
Rg6 34. Nxg3 hxg3 35. Bxc6 bxc6 36. Rg1 g2 37. Kb3 Kb7 38. Kc4 Kb6 39. a4 Rg4+
40. Kb3 c5 41. Ka3 cxb4+ 42. cxb4 Rg3+ 43. Kb2 Kc6 44. b5+ axb5 45. axb5+ Kxb5
46. Kc2 Kc4 47. Kd2 Kd4 48. Ke2 Ke4 49. Kf2 {Game drawn by mutual agreement}
1/2-1/2

[Event "Team 45 45 League T40"]
[Site "Internet Chess Club"]
[Date "2009.02.07"]
[Round "2"]
[White "irock"]
[Black "BadHabitMarco"]
[Result "0-1"]
[WhiteElo "1619"]
[BlackElo "2022"]
[Opening "Sicilian: Alapin's variation (2.c3)"]
[ECO "B22"]
[Time "12:01:27"]
[TimeControl "2700+45"]

1. e4 c5 2. c3 Qa5 3. Nf3 Nc6 4. d4 cxd4 5. Nxd4 Nf6 6. f3 d5 7. Nxc6 bxc6 8. e5
Nd7 9. Qd4 e6 10. b4 Qc7 11. Bf4 c5 12. bxc5 Bxc5 13. Qa4 O-O 14. Nd2 Nxe5 15.
Nb3 Bd6 16. Qd4 Nxf3+ 17. gxf3 Bxf4 18. h4 Be5 19. Qg4 Bxc3+ 20. Kf2 Bxa1 21.
Nxa1 e5 22. Qg3 Qc1 23. Rg1 Qb2+ 24. Be2 Qd4+ 25. Kg2 e4 26. Kh1 f5 27. f4 Bd7
28. Nc2 Qf6 29. Ne3 Be6 30. Bb5 d4 31. Nc4 Bxc4 32. Bxc4+ Kh8 33. Be6 g6 34. Bd5
Rac8 35. h5 Rc3 36. Qh2 Kg7 37. hxg6 hxg6 38. Kg2 Rc2+ {White resigns} 0-1

[Event "Team 45 45 League T40"]
[Site "Internet Chess Club"]
[Date "2009.02.09"]
[Round "2"]
[White "Paulkov"]
[Black "jefferyx"]
[Result "1-0"]
[WhiteElo "1786"]
[BlackElo "1805"]
[Opening "Sicilian defense"]
[ECO "B44"]
[Time "19:34:34"]
[TimeControl "2700+45"]

1. e4 c5 2. Nf3 e6 3. d4 cxd4 4. Nxd4 Nc6 5. c4 Nf6 6. Nc3 Bb4 7. Nxc6 bxc6 8.
Bd3 O-O 9. O-O d5 10. e5 Nd7 11. cxd5 cxd5 12. Qh5 g6 13. Qe2 Qc7 14. Re1 Bb7
15. Bd2 Bc5 16. Rac1 Bc6 17. b4 Bxb4 18. Nb5 Qxe5 19. Bxb4 Qxe2 20. Rxe2 Rfc8
21. Nd6 Rc7 22. Ba5 Nb6 23. Rec2 Rd8 24. Rxc6 Rxc6 25. Rxc6 Rb8 26. Bxb6 axb6
27. Rc8+ {Black resigns} 1-0

[Event "Team 45 45 League T40"]
[Site "Internet Chess Club"]
[Date "2009.02.07"]
[Round "2"]
[White "PandorasBox"]
[Black "Fidius"]
[Result "1/2-1/2"]
[WhiteElo "2262"]
[BlackElo "2113"]
[Opening "Levitsky attack (Queen's bishop attack)"]
[ECO "D00"]
[Time "16:03:06"]
[TimeControl "2700+45"]

1. d4 d5 2. Bg5 Nf6 3. Bxf6 exf6 4. e3 c6 5. c4 Bb4+ 6. Nc3 O-O 7. Nf3 Qa5 8.
Qb3 Be6 9. Be2 dxc4 10. Bxc4 Bxc4 11. Qxc4 Nd7 12. O-O Nb6 13. Qb3 Rfe8 14. Rac1
Rad8 15. Rfd1 Re7 16. a3 Bxc3 17. Qxc3 Qxc3 18. Rxc3 Nd5 19. Rc5 f5 20. g3 f6
21. h4 {Game drawn by mutual agreement} 1/2-1/2

[Event "Team 45 45 League T40"]
[Site "Internet Chess Club"]
[Date "2009.02.04"]
[Round "2"]
[White "WarrenW"]
[Black "Despair"]
[Result "1-0"]
[WhiteElo "2099"]
[BlackElo "1922"]
[Opening "Alekhine's defense: modern variation, 4...Bg4"]
[ECO "B05"]
[Time "21:32:09"]
[TimeControl "2700+45"]

1. e4 Nf6 2. e5 Nd5 3. Nf3 d6 4. d4 Bg4 5. Be2 dxe5 6. Nxe5 Bxe2 7. Qxe2 c6 8.
Qf3 Nf6 9. Qb3 Qxd4 10. Qxb7 Qxe5+ 11. Be3 e6 12. Qc8+ Ke7 13. Nc3 Ng4 14. O-O-O
Qa5 15. Bd4 e5 16. Rhe1 g6 17. f4 Bg7 18. Qb7+ Nd7 19. Bxe5 Nxe5 20. Rxd7+ Kf8
21. Qxa8+ {Black resigns} 1-0

[Event "Team 45 45 League T40"]
[Site "Internet Chess Club"]
[Date "2009.02.07"]
[Round "2"]
[White "fishhead"]
[Black "mugurelt"]
[Result "1-0"]
[WhiteElo "1795"]
[BlackElo "1638"]
[Opening "Robatsch defense: three pawns attack"]
[ECO "B06"]
[Time "17:00:12"]
[TimeControl "2700+45"]

1. e4 g6 2. d4 Bg7 3. f4 d6 4. Nf3 Nf6 5. Bd3 Bg4 6. h3 Bxf3 7. Qxf3 Nc6 8. c3
e6 9. O-O O-O 10. Be3 h5 11. Nd2 Nh7 12. g3 Ne7 13. Rad1 f5 14. Bb1 d5 15. e5
Kh8 16. b3 Qe8 17. c4 c6 18. Qe2 Bh6 19. Nf3 Rg8 20. h4 Nf8 21. a4 Nd7 22. Bc1
Qd8 23. Qd2 Re8 24. Ba3 Bf8 25. Ng5 Qb6 26. Bc2 Ng8 27. c5 Qc7 28. b4 a6 29. Qe2
Re7 30. Bb2 Bh6 31. Nf3 Ree8 32. Ra1 Reb8 33. Bc3 b5 34. Bd3 Ne7 35. Ra3 Qb7 36.
Rfa1 Nc8 37. Qa2 Na7 38. Be1 Rc8 39. axb5 Nxb5 40. Rxa6 Rxa6 41. Qxa6 Qb8 42.
Ra5 Nc7 43. Qa7 Qxa7 44. Rxa7 Kg8 45. b5 cxb5 46. Ba5 Ra8 47. Rxa8+ Nxa8 48.
Bxb5 Nb8 49. c6 {Black resigns} 1-0

[Event "Team 45 45 League T40"]
[Site "Internet Chess Club"]
[Date "2009.02.11"]
[Round "2"]
[White "RD1974"]
[Black "Mater"]
[Result "1-0"]
[WhiteElo "1615"]
[BlackElo "1678"]
[Opening "Sicilian: closed"]
[ECO "B23"]
[Time "20:02:15"]
[TimeControl "2700+45"]

1. e4 c5 2. Nc3 d6 3. g3 Nc6 4. Bg2 Nf6 5. d3 g6 6. h3 Bg7 7. Be3 a6 8. Qd2 Nb4
9. f4 e6 10. Nce2 Qa5 11. c3 Nc6 12. Nf3 O-O 13. O-O h6 14. g4 Qc7 15. Rf2 Kh7
16. Raf1 b6 17. e5 Nd5 18. d4 Nxe3 19. Qxe3 Bb7 20. exd6 Qxd6 21. Ne5 Ra7 22.
Nc4 cxd4 23. cxd4 Qb4 24. b3 Na5 25. Ne5 Bxg2 26. Kxg2 Qd6 27. f5 Bxe5 28. fxg6+
Kg7 29. dxe5 Qd5+ 30. Kg1 Nc6 31. Qxb6 Raa8 32. Nf4 Qd7 33. Nh5+ Kxg6 34. Rf6+
Kh7 35. Qe3 Qd4 36. Qxd4 Nxd4 37. Rxf7+ Rxf7 38. Rxf7+ Kg6 39. Rg7# {Black
checkmated} 1-0

[Event "Team 45 45 League T40"]
[Site "Internet Chess Club"]
[Date "2009.02.06"]
[Round "2"]
[White "nardz"]
[Black "aww-rats"]
[Result "1-0"]
[WhiteElo "2083"]
[BlackElo "2094"]
[Opening "QGD: 6.Nf3"]
[ECO "D55"]
[Time "19:02:17"]
[TimeControl "2700+45"]

1. d4 Nf6 2. Bg5 e6 3. c4 Be7 4. Nc3 d5 5. e3 O-O 6. Nf3 b6 7. cxd5 exd5 8. Qc2
Bb7 9. Bd3 h6 10. Bh4 Nbd7 11. O-O c5 12. Rac1 Rc8 13. Qe2 Ne4 14. Bxe7 Qxe7 15.
Ba6 Ndf6 16. dxc5 bxc5 17. Rfd1 Rfd8 18. h3 Rd6 19. Bd3 Rb6 20. Na4 Rb4 21. b3
c4 22. Bxe4 dxe4 23. Nd4 Bd5 24. a3 Rb7 25. b4 Nd7 26. Nf5 {Black resigns} 1-0

[Event "Team 45 45 League T40"]
[Site "Internet Chess Club"]
[Date "2009.02.06"]
[Round "2"]
[White "jonesey"]
[Black "QueensCounselor"]
[Result "1/2-1/2"]
[WhiteElo "2011"]
[BlackElo "1978"]
[Opening "Petrov: French attack"]
[ECO "C42"]
[Time "14:00:08"]
[TimeControl "2700+45"]

1. e4 e5 2. Nf3 Nf6 3. Nxe5 d6 4. Nf3 Nxe4 5. d3 Nf6 6. Bg5 Be7 7. Be2 O-O 8.
O-O Nc6 9. Nc3 Re8 10. Re1 d5 11. Qd2 Be6 12. Bf1 Qd7 13. Ne5 Nxe5 14. Rxe5 Ng4
15. Re2 c6 16. Bxe7 Rxe7 17. Qg5 Rae8 18. Rae1 Qd6 19. g3 Nf6 20. Qe5 Qxe5 21.
Rxe5 Kf8 22. Bg2 {Game drawn by mutual agreement} 1/2-1/2

[Event "Team 45 45 League T40"]
[Site "Internet Chess Club"]
[Date "2009.02.07"]
[Round "2"]
[White "The7thGuest"]
[Black "fledermaus"]
[Result "0-1"]
[WhiteElo "1987"]
[BlackElo "2022"]
[Opening "Sicilian"]
[ECO "B55"]
[Time "08:08:04"]
[TimeControl "2700+45"]

1. e4 c5 2. Nf3 d6 3. d4 cxd4 4. Nxd4 Nf6 5. Bd3 Nc6 6. Nxc6 bxc6 7. O-O e5 8.
c4 Be7 9. Nc3 O-O 10. f4 Ng4 11. Qe2 exf4 12. Bxf4 Bf6 13. Rad1 Be5 14. c5 Bxf4
15. Rxf4 Qg5 16. Rf5 Qe3+ 17. Qxe3 Nxe3 18. Re1 Nxf5 19. exf5 d5 20. Re7 Rd8 21.
Rc7 Bd7 22. Ne2 Be8 23. Nd4 Rdc8 24. Re7 Kf8 25. f6 g6 26. Ba6 Rd8 27. Bb7 Rab8
28. b3 Rd7 29. Rxe8+ Rxe8 30. Bxc6 Rc7 31. Bxe8 Kxe8 32. c6 Rc8 33. b4 Kd8 34.
b5 Kc7 35. Nf3 Kb6 36. a4 a6 37. Ne5 axb5 38. axb5 Rc7 39. g4 g5 40. h4 gxh4 41.
g5 Kxb5 42. Nf3 Kxc6 43. Nxh4 Kd6 44. Kg2 Ke5 45. Kg3 Rc3+ 46. Kg2 Kf4 {White
resigns} 0-1

[Event "Team 45 45 League T40"]
[Site "Internet Chess Club"]
[Date "2009.02.07"]
[Round "2"]
[White "shakkimestari"]
[Black "sacsac-mate"]
[Result "1-0"]
[WhiteElo "2036"]
[BlackElo "2197"]
[Opening "Scandinavian: Pytel-Wade variation"]
[ECO "B01"]
[Time "08:00:24"]
[TimeControl "2700+45"]

1. e4 d5 2. exd5 Qxd5 3. Nc3 Qd6 4. g3 Nf6 5. Bg2 c6 6. d4 e6 7. Nf3 Bd7 8. a3
Be7 9. Bf4 e5 10. dxe5 Qxd1+ 11. Rxd1 Ng4 12. h3 Nxf2 13. Kxf2 O-O 14. Rhe1 Bc5+
15. Be3 Bxe3+ 16. Rxe3 Bf5 17. Rd2 Nd7 18. Nd4 Be6 19. Nxe6 fxe6+ 20. Bf3 Nc5
21. b4 Na6 22. Ne4 Nc7 23. c4 Rf5 24. Nd6 Rd8 25. Rdd3 Rff8 26. Nxb7 Rxd3 27.
Rxd3 {Black resigns} 1-0

[Event "Team 45 45 League T40"]
[Site "Internet Chess Club"]
[Date "2009.02.08"]
[Round "2"]
[White "bigcol"]
[Black "Speedy-Reedy"]
[Result "0-1"]
[WhiteElo "1901"]
[BlackElo "1918"]
[Opening "Queen's pawn game"]
[ECO "A46"]
[Time "10:00:31"]
[TimeControl "2700+45"]

1. d4 Nf6 2. Nf3 e6 3. Bf4 c5 4. c3 cxd4 5. Nxd4 a6 6. e3 Be7 7. Bd3 d6 8. Bg3
O-O 9. O-O b6 10. Nd2 Bb7 11. h3 Nbd7 12. N4b3 Qc7 13. Nf3 e5 14. Be2 Ne4 15.
Bh2 Ndf6 16. Qc2 Rfe8 17. Rad1 Bf8 18. Nbd2 Rad8 19. Rfe1 b5 20. a3 Qc6 21. Nxe4
Nxe4 22. Bf1 f6 23. Nd2 Nxd2 24. Rxd2 d5 25. Red1 Qb6 26. Qf5 Bc8 27. Qh5 g6 28.
Qe2 Bb7 29. Bg3 Bh6 30. Qd3 f5 31. Kh1 f4 32. exf4 exf4 33. Bh2 f3 34. Rc2 Rf8
35. g3 Bg7 36. Re1 d4 37. c4 bxc4 38. Qxc4+ Kh8 39. Bd3 Rfe8 40. Rcc1 Rxe1+ 41.
Rxe1 Qxb2 42. Qf7 Bc6 43. Re7 Qc1+ 44. Bg1 Qh6 45. Kh2 Bb5 46. Qxf3 Rf8 47. Qe2
Qg5 48. Re4 Bc6 49. f4 Qa5 50. Bxd4 Bxe4 51. Bxg7+ Kxg7 52. Qxe4 Qd2+ 53. Be2
Qd6 54. a4 Rf7 55. Qc4 Rf6 56. h4 h5 57. Kg1 Qb6+ 58. Kh2 Qf2+ 59. Kh3 Qg1 60.
Bf3 Qb6 61. Qd3 Qe6+ 62. Kg2 Qa2+ 63. Be2 Qxa4 64. Qe3 Qc6+ 65. Bf3 Qe6 66. Qa7+
Rf7 67. Qd4+ Kh7 68. Qd3 Rd7 69. Qc2 Qe3 70. Qc6 Rd2+ 71. Kh3 Qf2 72. Bg2 Qxg2+
73. Qxg2 Rxg2 74. Kxg2 a5 75. Kf3 a4 {White resigns} 0-1

[Event "Team 45 45 League T40"]
[Site "Internet Chess Club"]
[Date "2009.02.08"]
[Round "2"]
[White "clarinetref"]
[Black "shakkiipe"]
[Result "0-1"]
[WhiteElo "1678"]
[BlackElo "1802"]
[Opening "Réti opening"]
[ECO "A04"]
[Time "11:04:34"]
[TimeControl "2700+45"]

1. Nf3 d6 2. g3 e5 3. d3 f5 4. e4 Nf6 5. Nc3 Be7 6. Bg2 O-O 7. Bg5 fxe4 8. dxe4
Be6 9. Bxf6 Bxf6 10. Nd5 Nc6 11. c3 Kh8 12. O-O h6 13. Nxf6 Qxf6 14. h3 Ne7 15.
Nh2 Bc4 16. Ng4 Qf7 17. Re1 Bxa2 18. Qd2 Be6 19. Nxh6 gxh6 20. Qxh6+ Kg8 21. Re3
Qf6 22. Qxf6 Rxf6 23. Rc1 a5 24. c4 b6 25. b3 a4 26. bxa4 Rxa4 27. Bf1 Nc6 28.
Kg2 Ra2 29. Be2 Nd4 30. Re1 Nxe2 31. R3xe2 Rxe2 32. Rxe2 Bxc4 33. Rc2 b5 34. g4
c5 35. g5 Rg6 36. h4 Bd3 37. Rb2 Bxe4+ 38. f3 Bc6 39. Kg3 c4 40. Kg4 Bd7+ 41.
Kh5 Rg7 42. g6 Be8 43. Rg2 Rxg6 44. Rxg6+ Bxg6+ 45. Kxg6 c3 {White resigns} 0-1

[Event "Team 45 45 League T40"]
[Site "Internet Chess Club"]
[Date "2009.02.08"]
[Round "2"]
[White "freestyle"]
[Black "nb"]
[Result "0-1"]
[WhiteElo "2241"]
[BlackElo "2120"]
[Opening "Sicilian: Najdorf, 6.f4"]
[ECO "B93"]
[Time "15:08:55"]
[TimeControl "2700+45"]

1. e4 c5 2. Nf3 d6 3. d4 cxd4 4. Nxd4 Nf6 5. Nc3 a6 6. f4 e5 7. Nf3 Nbd7 8. a4
Be7 9. Bd3 O-O 10. O-O Nc5 11. Kh1 exf4 12. Bxf4 Bg4 13. Qe1 Rc8 14. Qg3 Bh5 15.
Be3 Bg6 16. Bd4 d5 17. Bxf6 Bxf6 18. Nxd5 Bxb2 19. Qg4 Bxa1 20. Rxa1 Qd6 21. a5
Rce8 22. Nd2 Qe5 23. Rf1 Nxd3 24. cxd3 f5 25. Qh4 fxe4 26. Rxf8+ Kxf8 27. Qf2+
Kg8 28. dxe4 Bxe4 29. Ne3 Bc6 30. Ndf1 Qa1 31. Qg1 Qxa5 {White resigns} 0-1